 Dungeon Crawl Stone Soup version 0.24.1-8-ga250c9d538 (webtiles) character file.

Game seed: 17941745904510780540, levelgen mode: deterministic

379 Hugehornet the Changer (level 6, -4/38 HPs)
             Began as an Octopode Transmuter on May 3, 2020.
             Slain by a gnoll
             ... wielding a +0 spear
              (10 damage)
             ... on level 4 of the Dungeon.
             The game lasted 00:09:48 (4599 turns).

Hugehornet the Changer (Octopode Transmuter)        Turns: 4599, Time: 00:09:49

Health: -4/38      AC:  2    Str:  9    XL:     6   Next: 74%
Magic:  9/9        EV: 20    Int: 17    God:
Gold:   168        SH:  0    Dex: 18    Spells: 1/9 levels left

rFire    + . .     SeeInvis .     - Unarmed
rCold    . . .     Gourm    .   (shield currently unavailable)
rNeg     . . .     Faith    .   (helmet currently unavailable)
rPois    x         Spirit   .   l - amulet of magic regeneration
rElec    .         Reflect  .   b - ring of protection from fire
rCorr    +         Harm     .   i - ring of resist corrosion (curse)
MR       +....                  j - ring of stealth
Stlth    +++.......             o - ring of protection from magic
HPRegen  0.12/turn              (no ring)
MPRegen  0.36/turn              (no ring)
                                (no ring)
                                (no ring)

@: spider-form (expiring)
A: tiny, almost no armour, stealthy swim, (amphibious), 8 rings, (constrict 8)
a: End Transformation


You were on level 4 of the Dungeon.
You were hungry.
You were a venomous arachnid creature.
You visited 1 branch of the dungeon, and saw 4 of its levels.

You collected 168 gold pieces.

Inventory:

Missiles
 a - 96 arrows
Jewellery
 b - a ring of protection from fire (left front leg)
 i - a cursed ring of resist corrosion (right front leg)
 j - a ring of stealth (on tentacle)
 l - an amulet of magic regeneration (around neck)
 o - a ring of protection from magic (on tentacle)
Wands
 q - a wand of flame (13)
Scrolls
 e - a scroll of immolation
 f - a scroll of magic mapping
 g - a scroll of remove curse {unknown}
 h - a scroll of noise {unknown}
 k - a scroll of amnesia {unknown}
 u - a scroll of identify
Potions
 d - a potion of curing {unknown}
 m - a potion of ambrosia {unknown}
 n - a potion of haste {unknown}
 p - 3 potions of flight {unknown}
 r - a potion of magic {unknown}
 s - a potion of heal wounds {unknown}
 t - a potion of brilliance {unknown}
Comestibles
 c - 4 rations


   Skills:
 + Level 1.2 Fighting
 + Level 2.1 Dodging
 + Level 0.6 Stealth
 * Level 4.3 Unarmed Combat
 * Level 2.2 Spellcasting
 * Level 0.8 Translocations
 + Level 5.3 Transmutations
 - Level 2.1 Poison Magic


You had one spell level left.
You knew the following spells:

 Your Spells              Type           Power        Failure   Level  Hunger
a - Beastly Appendage     Tmut           ###...       9%          1    #......
b - Sticks to Snakes      Tmut           ###.....     11%         2    ###....
c - Spider Form           Tmut/Pois      ##........   28%         3    ###....
d - Blink                 Tloc           N/A          41%         2    ###....

Your spell library contained the following spells:

 Spells                   Type           Power        Failure   Level  Hunger
 Magic Dart               Conj           #...         38%         1    #......
 Call Imp                 Summ           #.......     50%         2    ###....
 Slow                     Hex            #.......     50%         2    ###....
 Mephitic Cloud           Conj/Pois/Air  #.......     61%         3    ###....
 Conjure Flame            Conj/Fire      #.......     71%         3    ###....
 Blade Hands              Tmut           ###.......   73%         5    ######.
 Ice Form                 Ice/Tmut       ##......     75%         4    #####..


Dungeon Overview and Level Annotations

Branches:
Dungeon (4/15)
 Temple: D:4-7

Altars:
Dithmenos
Kikubaaqudgha
Vehumet
Zin

Shops:
D:4 (

Annotations:
D:4 Eustachio, Grinder, Pikel


Innate Abilities, Weirdness & Mutations

You cannot wear most types of armour.
You are very stealthy in the water. (Stealth+)
((You are amphibious.))
You can wear up to eight rings at the same time.
((You can use your tentacles to constrict eight enemies at once.))
((Your skin changes colour to match your surroundings (Stealth+).))
((Your rubbery body absorbs attacks. (AC +1, EV +1)))


Message History

Pikel hits you with a +1 whip of flaming.
The slave hits you. The slave misses you.
You hit Pikel but do no damage.
Pikel looks as sick as possible!
Pikel is heavily wounded.
Pikel closely misses you.
The gnoll hits you from afar with a +0 spear!
The slave hits you. The slave misses you.
You closely miss Pikel.
Pikel is heavily wounded.
Your transformation is almost over.
Pikel hits you with a +1 whip of flaming.
The gnoll barely misses you. The slave misses you.
As you read the scroll labeled YLYZEPL LUTAA, it crumbles to dust.
The creatures around you are filled with an inner flame!
It was a scroll of immolation.
The slave completely misses you. The slave closely misses you.
Pikel hits you with a +1 whip of flaming.
* * * LOW HITPOINT WARNING * * *
The gnoll hits you from afar with a +0 spear!
You die...

###.### .. .#
########...# .###.#
)..........###.#...
##########.......##
#...........
##.#......##........
##..#......##.... .?.
#..##......##... ....
####.###...sK.#...#...#
..........ppg#...#..# #
##.......p..p.>......####
##..#.#.÷).#...####.....g
#.#..####.....#.........
#.#.###.......#........
###.#.##...............##
#...#.##..g.#.........##
#.#.......#.#.∩.∩.....#


You could see Pikel (inner flame), 4 slaves and a gnoll (inner flame).

Vanquished Creatures
  Sigmund (D:3)
  A howler monkey (D:4)
  An iguana (D:4)
  2 gnolls (D:4)
  3 adders
  3 oozes (D:1)
  6 worms
  2 dart slugs
  3 leopard geckos
  12 bats
  7 giant cockroaches
  8 goblins
  6 hobgoblins (D:1)
  4 quokkas
  4 frilled lizards
  6 kobolds
  2 leopard gecko skeletons (D:4)
  8 rats
79 creatures vanquished.

Notes
Turn   | Place    | Note
-------+----------+-------------------------------------------
     0 | D:1      | Hugehornet the Octopode Transmuter began the quest for the
                  | Orb.
     0 | D:1      | Reached XP level 1. HP: 13/13 MP: 3/3
   415 | D:1      | Reached XP level 2. HP: 16/18 MP: 3/5
   487 | D:1      | Reached skill level 3 in Transmutations
   690 | D:1      | Reached XP level 3. HP: 23/23 MP: 3/6
   969 | D:1      | Reached skill level 4 in Transmutations
  1123 | D:2      | Reached XP level 4. HP: 7/28 MP: 7/7
  1615 | D:2      | Learned a level 2 spell: Sticks to Snakes
  1619 | D:2      | Learned a level 3 spell: Spider Form
  1675 | D:2      | Found a radiant altar of Vehumet.
  1677 | D:2      | Found an ancient bone altar of Kikubaaqudgha.
  2178 | D:2      | Found a shadowy altar of Dithmenos.
  2382 | D:2      | Found a glowing silver altar of Zin.
  2813 | D:3      | Noticed Sigmund
  2838 | D:3      | Killed Sigmund
  2838 | D:3      | Reached skill level 5 in Transmutations
  2838 | D:3      | Reached XP level 5. HP: 10/33 MP: 5/8
  2838 | D:3      | Reached XP level 6. HP: 11/38 MP: 5/9
  3171 | D:3      | Learned a level 2 spell: Blink
  3554 | D:4      | Found Ixiu's Weapon Emporium.
  3705 | D:4      | Noticed Grinder
  3708 | D:4      | Noticed a slave
  3729 | D:4      | HP: 1/38 [slave[Pikel] (8)]
  4320 | D:4      | Noticed Eustachio
  4585 | D:4      | Noticed Pikel
  4587 | D:4      | Noticed a slave
  4589 | D:4      | Noticed a slave
  4589 | D:4      | Noticed a slave
  4599 | D:4      | Slain by a gnoll

Levels and vault maps discovered:
D:1:      dpeg_arrival_concentric_ovals, layout_loops_ring,
          grunt_decor_resistance
D:2:      layout_loops_ring, nicolae_overflow_crystal_walls,
          lemuel_doored_altar, chequers_temple_overflow_statue_of_worship,
          serial_bayou, serial_bayou_pond_c, serial_bayou_pond_b,
          serial_bayou_lagoon_a, serial_bayou_pond_b
D:3:      layout_basic, first_ration, uniq_sigmund
D:4:      layout_rooms, minmay_temple_entry_proselytizer, serial_shops,
          nicolae_shop_competitors_out_of_business, grunt_decor_mini_mirrors,
          grunt_ministairs_12, uniq_menkaure, uniq_eustachio, uniq_grinder,
          uniq_pikel

Skill      XL: |  1  2  3  4 |
---------------+-------------+-----
Transmutations | 3 4 5 |  5.3
Unarmed Combat | 4 |  4.3
Poison Magic   | 2 |  2.1
Fighting       | |  1.2
Dodging        | |  2.1
Stealth        | |  0.6
Spellcasting   | |  2.2
Translocations | |  0.8

Action                   |  1- 3 |  4- 6 || total
-------------------------+-------+-------++-------
Melee: Unarmed           |    73 |   155 ||   228
       Constrict         |    22 |    23 ||    45
       Kick              |    20 |    17 ||    37
       Tentacles         |    16 |    12 ||    28
       Punch             |     1 |     3 ||     4
 Cast: Beastly Appendage |    20 |    30 ||    50
       Spider Form       |       |     7 ||     7
       Blink             |       |     1 ||     1
  Use: Scroll            |       |     4 ||     4
 Stab: Sleeping          |     3 |    10 ||    13
       Distracted        |     1 |       ||     1
  Eat: Chunk             |       |     6 ||     6
       Ration            |       |     2 ||     2
Armor: Skin              |     8 |     5 ||    13
Dodge: Dodged            |    54 |    96 ||   150
